 Dungeon Crawl Stone Soup version 0.20-a0-939-g04f5055 (webtiles) character file.

16738 Gorfmaster the Unseen (level 12, -10/48 HPs)
             Began as a Felid Monk on Jan 3, 2017.
             Was the Champion of Dithmenos.
             Killed from afar by an orc sorcerer (47 damage)
             ... with a bolt of fire
             ... on level 11 of the Dungeon on Mar 30, 2017.
             The game lasted 02:56:05 (28599 turns).

Gorfmaster the Unseen (Felid Monk)                 Turns: 28599, Time: 02:56:05

Health: -10/48     AC:  3    Str:  7    XL:     12   Next: 12%
Magic:  12/20      EV: 33    Int: 12    God:    Dithmenos [******]
Gold:   1320       SH:  0    Dex: 24    Spells: 13/15 levels left
                                        Lives:  0   Deaths: 2

rFire    . . .     SeeInvis +     - Unarmed
rCold    + . .     Gourm    .   (shield unavailable)
rNeg     . . .     Faith    .   (armour unavailable)
rPois    +         Spirit   .   (helmet unavailable)
rElec    .         Reflect  .   (cloak unavailable)
rCorr    .         Harm     .   (gloves unavailable)
MR       +....                  (boots unavailable)
Stlth    ++++++++++             u - amulet of magic regeneration
Regen    0.2/turn               r - ring of poison resistance
MPRegen  0.3/turn               k - +3 ring of dexterity

@: wreathed by umbra, quick
A: no armour, no weapons or thrown items, stealth, claws 1, fangs 3, see
invisible, carnivore 3, clumsy 1, speed 1, shaggy fur 3, slow metabolism 1,
sharp paws
a: Shadow Step, Shadow Form, Renounce Religion


You were on level 11 of the Dungeon.
You worshipped Dithmenos.
Dithmenos was exalted by your worship.
You were very full.

You visited 6 branches of the dungeon, and saw 21 of its levels.

You collected 1320 gold pieces.

Inventory:

Jewellery
 k - a +3 ring of dexterity (right paw)
 r - a ring of poison resistance (left paw)
 u - an amulet of magic regeneration (around neck)
 x - an uncursed amulet of rage
 F - an uncursed ring of protection from magic
 I - an uncursed ring of flight
 N - a +6 ring of intelligence
 P - an uncursed ring of fire {unknown}
Wands
 p - a wand of scattershot (4/9)
 t - a wand of polymorph (9/24)
 v - a wand of iceblast (8/15)
 y - a wand of disintegration (6/24)
 A - a wand of iceblast (5/15)
 C - a wand of disintegration (5/24)
 E - a wand of digging (12/24)
 J - a wand of digging (9/24)
 K - a wand of iceblast (6/15)
Scrolls
 e - 6 scrolls of teleportation
 f - 5 scrolls of fog
 g - 5 scrolls of recharging
 q - 6 scrolls of remove curse
 M - a scroll of amnesia
 Q - a scroll of identify
Potions
 c - 4 potions of agility
 d - 2 potions of mutation
 h - 6 potions of curing
 i - 4 potions of lignification
 j - 6 potions of berserk rage
 l - a potion of haste
 m - 2 potions of might
 n - 4 potions of brilliance
 o - a potion of mutation
 s - 2 potions of ambrosia
 w - 3 potions of invisibility
 B - 2 potions of heal wounds
 H - a potion of cancellation
 O - a potion of flight
Books
 G - a book of Dreams

   Spells                             Type                      Level
   a - Ensorcelled Hibernation        Hexes/Ice                    2
   b - Silence                        Hexes/Air                    5
   c - Darkness                       Hexes                        6
   d - Shadow Creatures               Summoning                    6
Miscellaneous
 D - a sack of spiders
 L - a phial of floods
Comestibles
 a - 8 meat rations
 b - 14 royal jellies
 z - 9 royal jellies


   Skills:
 - Level 3.3 Fighting
 + Level 14.3 Dodging
 + Level 16.3 Stealth
 + Level 12.2 Unarmed Combat
 - Level 2.0 Spellcasting
 + Level 8.2 Hexes
 - Level 2.0 Ice Magic
 + Level 10.4 Invocations


You had 13 spell levels left.
You knew the following spells:

 Your Spells              Type           Power        Failure   Level  Hunger
a - Ensorcelled Hibernat  Hex/Ice        ##....       6%          2    ###....


Dungeon Overview and Level Annotations

Branches:
Dungeon (12/15)            Temple (1/1) D:4            Lair (5/6) D:8
 Shoals (1/4) Lair:2       Spider (1/4) Lair:4          Orc (1/2) D:11
  Slime: Lair:5-6

Altars:
Ashenzari
Cheibriados
Dithmenos
Elyvilon
Fedhas
Gozag
Makhleb
Okawaru
Qazlal
Ru
Sif Muna
Uskayaw
Vehumet
Xom
Yredelemnul
Zin
The Shining One

Shops:
D:6 *   D:10 %   Orc:1 %

Annotations:
D:5 AlphabetPasta's ghost, novice FoWn
D:7 Pikel
D:8 Gastronok


Innate Abilities, Weirdness & Mutations

You cannot wear armour.
You are incapable of wielding weapons or throwing items.
Your paws allow you to move quietly. (Stealth)
You have sharp claws.
You have razor-sharp teeth.
You have supernaturally acute eyesight. (SInv)
You are carnivorous and can eat meat at any time.
You cover ground quickly.
Your thick and shaggy fur keeps you warm. (AC +3, rC+)
You have a slow metabolism.
Your sharp claws are effective at attacking unaware monsters.
You are clumsy. (Dex -2)


Message History

Aim: an orc sorcerer, wielding a dagger of holy wrath and wearing a robe (umbra, chance to defeat MR: 27%)
The orc sorcerer easily resists.
The orc sorcerer completely misses you. The orange demon completely misses you.
Casting: Ensorcelled Hibernation
Confirm with . or Enter, or press ? or * to list all spells.
Aiming: Ensorcelled Hibernation
Press: ? - help, Shift-Dir - straight line, f/p - orc sorcerer
Aim: an orc sorcerer, wielding a dagger of holy wrath and wearing a robe (umbra, chance to defeat MR: 27%)
The orc sorcerer easily resists.
The orc sorcerer completely misses you. The orange demon closely misses you.
Casting: Ensorcelled Hibernation
Confirm with . or Enter, or press ? or * to list all spells.
Aiming: Ensorcelled Hibernation
Press: ? - help, Shift-Dir - straight line, f/p - orc sorcerer
Aim: an orc sorcerer, wielding a dagger of holy wrath and wearing a robe (umbra, chance to defeat MR: 27%)
The orc sorcerer easily resists.
The orc sorcerer gestures at you while chanting.
The bolt of fire hits you!
Ouch! That really hurt!
You die...

#####.....(.....#.
#.[........###.##.
#.########## #.##.
#.# #.##. #.#
#<##. #.# #####
#4# #o# #@# ###


You could see an orange demon and an orc sorcerer.

Vanquished Creatures
  2 emperor scorpions (Spider:1)
  A merfolk impaler (Shoals:1)
  Josephine (D:11)
  A catoblepas (Lair:5)
  Erica (D:9)
  A two-headed ogre (D:10)
  2 sea snakes (Shoals:1)
  An unseen horror (D:11)
  3 orb spiders (Spider:1)
  6 wolf spiders
  An orc sorcerer (D:11)
  An elephant (Lair:5)
  2 fauns (Shoals:1)
  A merfolk siren (Shoals:1)
  Joseph (D:7)
  3 black mambas
  8 spiny frogs
  3 rime drakes
  4 komodo dragons
  2 demonic crawlers (Spider:1)
  A troll (D:11)
  2 merfolk (Lair:2)
  7 jumping spiders
  A polar bear (Lair:4)
  2 hornets (D:9)
  4 blink frogs (Lair:1)
  5 hippogriffs
  9 redbacks (Spider:1)
  Sigmund (D:2)
  5 wraiths (D:10)
  2 tarantellas (Spider:1)
  17 yaks
  2 wyverns
  5 basilisks
  A steam dragon (D:12)
  An acid dragon (D:12)
  7 water moccasins
  A soldier ant (D:9)
  4 orc warriors
  5 porcupines
  3 slaves
  4 sky beasts
  2 necrophages
  2 ice beasts
  4 ogres
  6 centaurs
  9 crocodiles
  A big kobold (D:9)
  15 bullfrogs
  3 scorpions
  19 killer bees
  14 wights
  9 crimson imps
  A centaur zombie (D:6)
  A quasit (D:9)
  5 hounds
  13 orc wizards
  A bullfrog skeleton (D:12)
  4 jellies
  9 orc priests
  2 centaur skeletons
  An iguana (D:5)
  3 hell rats (Lair:1)
  12 worker ants
  2 killer bee zombies
  A hound skeleton (D:4)
  2 worker ant zombies
  A howler monkey skeleton (D:10)
  3 gnolls
  15 adders
  3 river rats (Lair:1)
  4 shadow imps
  3 adder skeletons
  2 worms
  10 dart slugs
  8 leopard geckos
  42 orcs
  10 bats
  5 giant cockroaches
  4 goblins
  8 hobgoblins
  7 jackals
  11 kobolds
  2 quokkas
  2 ball pythons (D:2)
  4 frilled lizards
  A leopard gecko skeleton (D:7)
  A quokka skeleton (D:5)
  11 rats
  A plant (Lair:5)
433 creatures vanquished.

Vanquished Creatures (others)
  9 fungi
  12 plants
  11 toadstools (Lair:5)
32 creatures vanquished.

Grand Total: 465 creatures vanquished

Notes
Turn   | Place    | Note
-------+----------+-------------------------------------------
     0 | D:1      | Gorfmaster the Felid Monk began the quest for the Orb.
     0 | D:1      | Reached XP level 1. HP: 10/10 MP: 2/2
    35 | D:1      | Reached skill level 3 in Stealth
    92 | D:1      | Reached XP level 2. HP: 10/14 MP: 3/3
   181 | D:1      | You fall through a shaft!
   400 | D:1      | Reached skill level 4 in Stealth
   400 | D:1      | Reached XP level 3. HP: 12/17 MP: 4/4
  1182 | D:2      | Reached skill level 5 in Dodging
  1388 | D:2      | Reached skill level 5 in Stealth
  1418 | D:2      | Noticed Sigmund
  1423 | D:2      | Killed Sigmund
  1423 | D:2      | Reached skill level 7 in Stealth
  1423 | D:2      | Reached XP level 4. HP: 21/21 MP: 5/5
  1423 | D:2      | Reached XP level 5. HP: 24/24 MP: 6/6
  2046 | D:3      | Gained mutation: You are covered in thick fur. (AC +2) [Felid growth]
  2046 | D:3      | Reached XP level 6. HP: 10/28 MP: 7/7
  2476 | D:4      | Found a staircase to the Ecumenical Temple.
  2492 | Temple   | Entered the Ecumenical Temple
  2529 | Temple   | Became a worshipper of Dithmenos the Shadowed
  2529 | Temple   | Reached * piety under Dithmenos
  2529 | Temple   | Reached ** piety under Dithmenos
  2583 | D:4      | Found a snail-covered altar of Cheibriados.
  2697 | D:4      | Reached skill level 8 in Stealth
  3000 | D:4      | Reached skill level 1 in Invocations
  3320 | D:4      | Reached XP level 7. HP: 31/31 MP: 7/9
  3397 | D:4      | You fall through a shaft for 2 floors!
  3433 | D:5      | Entered Level 5 of the Dungeon
  3574 | D:4      | Reached skill level 9 in Stealth
  4091 | D:5      | Noticed AlphabetPasta's ghost (novice FoWn)
  4357 | D:4      | Reached skill level 10 in Stealth
  4697 | D:5      | Reached XP level 8. HP: 34/34 MP: 11/11
  4893 | D:5      | Found a white marble altar of Elyvilon.
  4896 | D:5      | Found a burning altar of Makhleb.
  4911 | D:5      | Found a radiant altar of Vehumet.
  5859 | D:6      | Reached *** piety under Dithmenos
  5859 | D:6      | Reached skill level 5 in Unarmed Combat
  5860 | D:6      | Upgraded the game from 0.20-a0-433-g9e36e56 to 0.20-a0-441-g89e74e4
  6094 | D:6      | Found Hamnesmi's Assorted Antiques.
  6282 | D:7      | Noticed Joseph
  6740 | D:7      | Noticed Pikel
  6906 | D:7      | Reached skill level 11 in Stealth
  7409 | D:7      | Reached XP level 9. HP: 37/37 MP: 13/13
  8656 | D:8      | Found a glowing golden altar of the Shining One.
  9113 | D:7      | Killed Joseph
  9606 | D:8      | Gained mutation: You are clumsy. (Dex -2) [mutagenic meat]
  9880 | D:8      | Reached skill level 5 in Invocations
  9924 | D:8      | Noticed Gastronok
 10025 | D:8      | Noticed a two-headed ogre
 10386 | D:7      | Upgraded the game from 0.20-a0-441-g89e74e4 to 0.20-a0-448-g0beec18
 10621 | D:8      | Noticed a two-headed ogre
 10669 | D:8      | Found a staircase to the Lair.
 11086 | D:9      | Noticed Erica
 11092 | D:9      | Killed Erica
 11104 | D:9      | Reached skill level 12 in Stealth
 11185 | D:9      | Reached skill level 10 in Dodging
 11192 | D:9      | Reached **** piety under Dithmenos
 11413 | D:9      | Reached XP level 10. HP: 42/42 MP: 15/15
 12996 | D:10     | Entered Level 10 of the Dungeon
 13068 | D:10     | Found a stormy altar of Qazlal.
 13157 | D:10     | Upgraded the game from 0.20-a0-448-g0beec18 to 0.20-a0-622-g01f5896
 13319 | D:10     | Found Ixtett's Food Boutique.
 13520 | D:10     | Noticed Josephine
 13902 | D:10     | Noticed a two-headed ogre
 13905 | D:10     | Killed a two-headed ogre
 14189 | D:10     | Reached skill level 13 in Stealth
 14222 | D:10     | Upgraded the game from 0.20-a0-622-g01f5896 to 0.20-a0-645-g0ac6e19
 14293 | D:11     | Noticed an unseen horror
 14316 | D:11     | Killed an unseen horror
 14368 | D:11     | Noticed a white ugly thing
 14389 | D:11     | Reached XP level 11. HP: 45/45 MP: 17/17
 14464 | D:11     | Reached ***** piety under Dithmenos
 15634 | Lair:1   | Entered Level 1 of the Lair of Beasts
 15634 | Lair:1   | Found a shimmering altar of Xom.
 16007 | Lair:1   | Reached skill level 10 in Unarmed Combat
 17125 | Lair:1   | HP: 2/45 [poisoned by a spiny frog]
 17130 | Lair:1   | HP: 2/45 [poisoned by a spiny frog]
 18318 | Lair:2   | Found a staircase to the Shoals.
 18380 | Lair:2   | Learned a level 2 spell: Ensorcelled Hibernation
 18674 | Lair:2   | Noticed an eight-headed hydra
 18828 | Lair:2   | Reached skill level 1 in Hexes
 18908 | Lair:2   | Reached skill level 14 in Stealth
 19439 | Lair:3   | Reached skill level 1 in Ice Magic
 19845 | Lair:3   | Found a labyrinth entrance.
 20074 | Lair:3   | Gained mutation: Your thick and shaggy fur keeps you warm. (AC +3, rC+) [Felid growth]
 20074 | Lair:3   | Reached XP level 12. HP: 37/48 MP: 19/19
 20233 | Lair:3   | Learned a level 2 spell: Ensorcelled Hibernation
 20657 | Lair:4   | Found a hole to the Spider Nest.
 21404 | Lair:4   | Upgraded the game from 0.20-a0-645-g0ac6e19 to 0.20-a0-938-g0d0074d
 21426 | Lair:5   | Noticed a catoblepas
 21429 | Lair:5   | Killed a catoblepas
 21429 | Lair:5   | Reached skill level 5 in Hexes
 21902 | Lair:5   | Upgraded the game from 0.20-a0-938-g0d0074d to 0.20-a0-939-g04f5055
 22170 | Lair:5   | Reached skill level 15 in Stealth
 22406 | Lair:5   | Reached skill level 1 in Spellcasting
 23194 | Lair:5   | Noticed a death yak
 23654 | D:11     | Found a staircase to the Orcish Mines.
 23695 | D:11     | Killed from afar by Josephine
 23696 | D:11     | Reached XP level 11. HP: -15/45 MP: 18/18
 23998 | D:12     | Noticed a cyan ugly thing
 24606 | D:12     | HP: 1/45 [something (9)]
 25411 | Shoals:1 | Entered Level 1 of the Shoals
 25411 | Shoals:1 | Noticed a merfolk impaler
 25411 | Shoals:1 | Noticed a sea snake
 25420 | Shoals:1 | Noticed a sea snake
 25423 | Shoals:1 | Killed a merfolk impaler
 25423 | Shoals:1 | Reached XP level 12. HP: 48/48 MP: 20/20
 25446 | Shoals:1 | Noticed a merfolk impaler
 25831 | Shoals:1 | Noticed an alligator snapping turtle
 26111 | Spider:1 | Entered Level 1 of the Spider Nest
 26179 | Spider:1 | Noticed an emperor scorpion
 26182 | Spider:1 | Noticed an emperor scorpion
 26206 | Spider:1 | Killed an emperor scorpion
 26623 | Spider:1 | Reached ****** piety under Dithmenos
 26816 | Spider:1 | Reached skill level 16 in Stealth
 26816 | Spider:1 | Reached skill level 10 in Invocations
 26978 | Spider:1 | Noticed an emperor scorpion
 26983 | Spider:1 | Killed an emperor scorpion
 27662 | Spider:1 | Blown up by an orb spider
 27663 | Spider:1 | Reached XP level 11. HP: -1/45 MP: 14/19
 27799 | Lair:5   | Reached XP level 12. HP: 35/48 MP: 18/20
 27894 | Lair:5   | Found a runed door.
 27901 | Lair:5   | Noticed a dire elephant
 28200 | Orc:1    | Entered Level 1 of the Orcish Mines
 28200 | Orc:1    | Found Joihonul's Food Emporium.
 28335 | D:11     | Killed Josephine
 28590 | D:11     | Paralysed by an orc sorcerer for 7 turns
 28599 | D:11     | Killed from afar by an orc sorcerer

Vault maps used:
D:1:      minmay_arrival_solitary_statue
D:2:      uniq_sigmund
D:4:      kennysheep_slugbush, nicolae_overflow_crystal_walls
D:5:      grunt_temple_overflow_diamond, first_bread
D:6:      serial_shops, shop
D:7:      uniq_pikel, uniq_joseph
D:8:      tso_metal_star, dpeg_oklobed_lair, kennysheep_generic_room_8,
          uniq_gastronok
D:9:      special_room, hangedman_pestilent_swarm, minmay_misc_feat_roman,
          minmay_misc_feat_four_crosses, uniq_erica
D:10:     serial_shops, nicolae_shop_window_shopping, basic_altar,
          uniq_josephine
D:11:     orc_0_dummy
Temple:   kb_temple_of_zot
Lair:1:   basic_altar, kennysheep_abandoned_house
Lair:2:   elwin_shoals_entry_rocks
Lair:3:   lab_entry_generic, minmay_stone_trees_small
Lair:4:   spider_nest_entry_funnel_web
Lair:5:   gammafunk_lair_enchanted_lake, minmay_lair_drake_nest
Shoals:1: cheibrodos_shoals_epimethial_gifts, nicolae_shoals_wave_tunnel
Orc:1:    serial_shops, shop

Skill      XL: |  1  2  3  4  5  6  7  8  9 10 11 12 |
---------------+-------------------------------------+-----
Stealth        | 3 4 7 8 10 11 12 13 14 16 | 16.3
Dodging        | 6 7 8 10 11 12 14 | 14.3
Invocations    | 1 3 4 5 7 8 10 | 10.4
Unarmed Combat | 5 7 9 10 12 | 12.2
Hexes          | 3 8 |  8.2
Ice Magic      | 1 2 |  2.0
Spellcasting   | 2 1 |  2.0
Fighting       | |  3.3

Action                   |  1- 3 |  4- 6 |  7- 9 | 10-12 || total
-------------------------+-------+-------+-------+-------++-------
Melee: Unarmed           |   109 |   149 |   544 |  1146 ||  1948
       Bite              |     9 |    12 |    77 |   129 ||   227
       Punch             |     2 |     2 |    20 |    59 ||    83
 Cast: Ensorcelled Hiber |       |       |       |    72 ||    72
Evoke: Wand              |       |       |     2 |       ||     2
  Use: Scroll            |     6 |     5 |    13 |    12 ||    36
       Potion            |       |     1 |     1 |     1 ||     3
 Stab: Sleeping          |    15 |    10 |    25 |   112 ||   162
       Distracted        |       |     1 |     8 |    12 ||    21
  Eat: Chunk             |     8 |     4 |    16 |    46 ||    74
Armor: Skin              |     7 |     7 |     7 |    14 ||    35
Dodge: Dodged            |    85 |   128 |   411 |  1024 ||  1648
